 Dungeon Crawl Stone Soup version 0.31.0-1-g2c135a0 (webtiles) character file.

Game seed: 6823024540006378768

85 McIvan the Shooter (level 4, -1/34 HPs)
             Began as a Barachi Hexslinger on Apr 9, 2024.
             Slain by a gnoll
             ... wielding a +0 halberd
              (6 damage)
             ... on level 2 of the Dungeon.
             The game lasted 00:06:13 (1342 turns).

McIvan the Shooter (Barachi Hexslinger)             Turns: 1342, Time: 00:06:14

Health: -1/34      AC:  3    Str:  9    XL:     4   Next: 48%
Magic:  7/7        EV: 12    Int: 16    God:
Gold:   103        SH:  0    Dex: 20    Spells: 7/7 levels left

rFire   . . .        a - +1 sling
rCold   . . .        (no shield)
rNeg    . . .        d - +0 leather armour
rPois   .            (no helmet)
rElec   .            (no cloak)
rCorr   .            (no gloves)
SInv    .            (no boots)
Will    .....        (no amulet)
Stlth   +            m - +6 ring of dexterity
HPRegen 0.25/turn    (no ring)
MPRegen 0.10/turn

%: no passive effects
@: invisible, slow
A: amphibious, slowness 1, strong legs 1, +LOS
a: Hop


You were on level 2 of the Dungeon.
You visited 1 branch of the dungeon, and saw 2 of its levels.

You collected 103 gold pieces.

Inventory:

Hand Weapons
 a - a +1 sling (weapon)
 f - a +2 dagger of protection
Armour
 c - a +0 robe
 d - a +0 leather armour (worn)
Jewellery
 m - a +6 ring of dexterity (left hand)
Scrolls
 b - 2 scrolls of poison
 e - a scroll of identify {unknown}
 g - a scroll of amnesia {unknown}
 j - a scroll of summoning {unknown}
Potions
 h - a potion of attraction {unknown}
 i - a potion of magic {unknown}
 k - a potion of invisibility
 l - a potion of resistance {unknown}


   Skills:
 + Level 2.6 Fighting
 * Level 3.5 Ranged Weapons
 - Level 2.1 Dodging
 + Level 2.1 Spellcasting
 - Level 3.2 Hexes
 - Level 1.1 Fire Magic


You had 7 spell levels left.
You didn't know any spells.
Your spell library contained the following spells:

 Spells                   Type           Power      Damage    Failure   Level
 Jinxbite                 Hex            24%        N/A       11%         2
 Sigil of Binding         Hex            12%        N/A       22%         3
 Inner Flame              Hex/Fire       8%         N/A       34%         3
 Cause Fear               Hex            6%         N/A       58%         4
 Dimensional Bullseye     Hex/Tloc       3%         N/A       82%         4


Dungeon Overview and Level Annotations

Branches:
Dungeon (2/15)

Altars:

Annotations:
D:2 Jessica


Innate Abilities, Weirdness & Mutations

You are amphibious.
You cover ground slowly.
You can hop short distances.
You have an extended range of vision and can be seen from far away.


Message History

You strike the helpless gnoll from behind!
You hit the gnoll.
You kill the gnoll!
Your +2 dagger of protection goes still.
a - a +1 sling (weapon)
You are too injured to fight recklessly!
Fire: a) +1 sling
Press: ? - help, Q - select action, (/) - cycle Shift-Dir - straight line, f/p - gnoll
Aim: a gnoll, wielding a +0 halberd (moderately wounded, unable to see you, 66% to hit)
You shoot a sling bullet. The sling bullet hits the ball python!
You kill the ball python!
The gnoll misses you.
Fire: a) +1 sling
Press: ? - help, Q - select action, (/) - cycle Shift-Dir - straight line, f/p - gnoll
Aim: a gnoll, wielding a +0 halberd (lightly wounded, unable to see you, 66% to hit)
You shoot a sling bullet. The sling bullet hits the gnoll.
The gnoll is heavily wounded.
The gnoll misses you.
Fire: a) +1 sling
Press: ? - help, Q - select action, (/) - cycle Shift-Dir - straight line, f/p - gnoll
Aim: a gnoll, wielding a +0 halberd (heavily wounded, unable to see you, 66% to hit)
You shoot a sling bullet. The sling bullet hits the gnoll.
The gnoll is severely wounded.
The gnoll closely misses you. x2
Fire: a) +1 sling
Press: ? - help, Q - select action, (/) - cycle Shift-Dir - straight line, f/p - gnoll
Aim: a gnoll, wielding a +0 halberd (severely wounded, unable to see you, 66% to hit)
You shoot a sling bullet.
The sling bullet barely misses the gnoll.
The gnoll barely misses you. x3
Fire: a) +1 sling
Press: ? - help, Q - select action, (/) - cycle Shift-Dir - straight line, f/p - gnoll
Aim: a gnoll, wielding a +0 halberd (severely wounded, unable to see you, 66% to hit)
You shoot a sling bullet.
The sling bullet closely misses the gnoll.
The gnoll hits you from afar with a +0 halberd!
* * * LOW HITPOINT WARNING * * *
The gnoll misses you.
The gnoll hits you from afar with a +0 halberd.
You die...

....#.# ...#.# #†.#.#
#######....#
#.........##
###.......).#
#..........g### ###
#..........g).# ..#
#...........#@# #.#
#...........#.#####.#
.
###.........#....##.#
#.
#.........####....#
#+# #.
#.........##......##
#.###.
############'###...#
#.##.. #......##.#
#.##.# #...... #.##
#.##.#
#......##..###..†..


You could see 2 gnolls.

Vanquished Creatures
  2 gnolls (D:2)
  An adder (D:2)
  2 ribbon worms (D:2)
  6 ball pythons
  A bat (D:1)
  3 endoplasms (D:1)
  4 giant cockroaches (D:1)
  5 hobgoblins
  3 jackals (D:2)
  5 quokkas (D:1)
  3 frilled lizards (D:2)
  5 goblins
  6 kobolds
  4 rats
50 creatures vanquished.

Notes
Turn   | Place    | Note
-------+----------+-------------------------------------------
     0 | D:1      | McIvan the Barachi Hexslinger began the quest for the Orb.
     0 | D:1      | Reached XP level 1. HP: 15/15 MP: 2/2
   134 | D:1      | Reached XP level 2. HP: 21/21 MP: 4/4
   564 | D:1      | Reached XP level 3. HP: 22/27 MP: 5/5
   975 | D:2      | Noticed Jessica
  1010 | D:2      | Found a faded altar of an unknown god.
  1110 | D:2      | Reached XP level 4. HP: 7/34 MP: 5/7
  1342 | D:2      | Slain by a gnoll

Illustrated notes

Levels and vault maps discovered:
D:1:      tarquinn_simple_flora_water_e, layout_basic
D:2:      layout_basic, ebering_ecumenical_altar_petrified,
          supply_closet_lemuel, minmay_surrounded, uniq_jessica

Skill      XL: |  1  2  3 |
---------------+----------+-----
Fighting       | 2 |  2.6
Ranged Weapons | 3 |  3.5
Spellcasting   | 2 |  2.1
Dodging        | |  2.1
Hexes          | |  3.2
Fire Magic     | |  1.1

Action                     |  1- 3 |  4- 6 || total
---------------------------+-------+-------++-------
  Melee: Dagger            |     3 |     9 ||    12
   Fire: Sling             |   131 |    26 ||   157
    Use: Potion            |     1 |     1 ||     2
   Stab: Invisible         |     1 |     2 ||     3
 Armour: Leather armour    |    49 |    12 ||    61
  Dodge: Dodged            |    43 |    27 ||    70
